[Event "*** Titled Tuesday 3|2 Blitz"]
[Site "Chess.com"]
[Date "2016.08.02"]
[Round "1"]
[White "Proteuo"]
[Black "jcibarra"]
[Result "0-1"]
[WhiteElo "2321"]
[BlackElo "2663"]
[TimeControl "180+2"]
[EndTime "11:11:27 PDT"]
[Termination "jcibarra won by resignation"]

1. e4 e5 2. Nf3 Nc6 3. Bb5 g6 4. O-O Bg7 5. d3 Nge7 6. Nc3 O-O 7.
a3 h6 8. h3 d6 9. Ne2 f5 10. exf5 Nxf5 11. Ng3 Ncd4 12. Nxd4 Nxd4 13. Bc4+ d5 14. Ba2 c6 15. c3 Ne6 16. Ne2 Qh4 17. Qe1 g5 18. f3 Qxe1 19. Rxe1 Nc5 20. Rd1 Bf5 21. Bb1 Nb3 22. Ra2 a5 23. Be3 a4 24.
Nc1 d4 25. Bf2 Be6 26. c4 b5 27. Bc2 Nc5 28. Ra1 bxc4 29. dxc4 Rfb8 30. Rb1 Bxc4 31. Nd3 Nb3 32. Be1 c5 33. Nf2 Bf7 34. Be4 Ra7 35. Nd3 c4 36. Nb4 Rc8 37. Bf5 Rc5 38. Bf2 Bf6 39. Be4 Kg7 40. Nc6 Rc7 41. Nb4 Rc8 42. g3 Bg6 43. Kg2 c3 44. bxc3 Rxc3 45. Rd3 Rxd3 46.
Nxd3 Bxe4 47. fxe4 Rc3 48. Nb2 Nd2 49. Rd1 Nxe4 50. Nxa4 Rxa3 51. Nb6 Ra2 52. Rf1 d3 53.
Nd5 Nxf2 54. Rxf2 Rc2 55. Ne3 Rxf2+ 56. Kxf2 e4 57. Nf5+ Kg6 58. g4 Be5 59. Ne7+ Kf6 60. Nc6 Bf4 61. Nb4 e3+ 62. Kf3 d2 63. Ke2 Ke5 64. Nc6+ Ke4 65. Ne7 d1=Q+ 66. Kxd1 Kf3 67. Nf5 e2+ 68. Ke1 Bg3+ 69. Nxg3 Kxg3 70. Kxe2 Kxh3 71.
Kf3 Kh4 0-1

[Event "*** Titled Tuesday 3|2 Blitz"]
[Site "Chess.com"]
[Date "2016.08.02"]
[Round "1"]
[White "CroatianPower"]
[Black "macko06"]
[Result "0-1"]
[WhiteElo "2421"]
[BlackElo "2107"]
[TimeControl "180+2"]
[EndTime "11:11:38 PDT"]
[Termination "macko06 won by resignation"]

1. d4 Nf6 2. c4 e6 3. Nf3 c5 4.
d5 exd5 5. cxd5 d6 6. Nc3 g6 7. e4 Bg7 8. Be2 O-O 9. O-O Re8 10. Nd2 Na6 11. f3 Nc7 12. Re1 Bd7 13. a4 b6 14. Nc4 Bc8 15. Bf4 Bf8 16. Qd2 Ba6 17. Na3 Bxe2 18. Rxe2 a6 19. Nc4 Rb8 20. Rd1 Nh5 21.
Bg5 f6 22. Bh4 Qd7 23. g4 g5 24. gxh5 gxh4 25. Ne3 Bh6 26. Rg2+ Kh8 27. Qf2 h3 28. Rg3 Bf4 29. Nf5 Rg8 30. Ne2 Bxg3 31. hxg3 Rg5 32. g4 b5 33. a5 Rbg8 34. Kh2 Ne8 35. h6 Qc7 36. Qe1 b4 37. Nf4 Qxa5 38. Nxh3 R5g6 39. Nf4 Rg5 40. Ne7 Rf8 41. Ne6 Rf7 42. Nc6 Qa2 43.
Nxg5 fxg5 44. Rd2 Qb3 45. Rf2 Rxf3 46. Qf1 Rf4 47. Rxf4 gxf4 48. Qxf4 Qxb2+ 49. Kh3 Qf6 50. Qd2 Qc3+ 51. Qxc3+ bxc3 52. Na5 c2 53. Nb3 Nf6 54. e5 dxe5 55. d6 c4 56. Nc1 Kg8 57. g5 Nd7 58.
Kg4 Kf7 59. Kf5 Nf8 60. Kxe5 Kg6 61. Kf4 Ne6+ 62. Ke5 Nxg5 63. Kd5 Kf6 64. Kxc4 Ke6 65. Kc5 Kd7 66. Kd5 Nf7 67. Kc4 Nxd6+ 68. Kc3 Nf5 69.
Kxc2 Nxh6 70. Kd3 Kc6 71. Ke4 Nf7 72. Kf5 a5 73. Kf6 Nd6 74. Kg5 a4 75. Kh6 Kc5 76.
Kxh7 Kc4 77. Kg6 Kc3 78. Kf6 Kb2 79. Nd3+ Kc2 80. Nb4+ Kb3 81. Nd3 a3 82. Ke5 Nb5 83.
Ke4 Kc3 84. Nc1 Kc2 85. Na2 Nc3+ 0-1

[Event "*** Titled Tuesday 3|2 Blitz"]
[Site "Chess.com"]
[Date "2016.08.02"]
[Round "1"]
[White "E-Shaposhnikov"]
[Black "oskariot"]
[Result "0-1"]
[WhiteElo "2694"]
[BlackElo "2364"]
[TimeControl "180+2"]
[EndTime "11:15:02 PDT"]
[Termination "oskariot won by resignation"]

1. Nf3 c5 2. c4 Nf6 3. Nc3 g6 4. g3 Bg7 5. Bg2 O-O 6. O-O Nc6 7. d4 cxd4 8. Nxd4 Ng4 9. e3 d6 10. b3 Nxd4 11. exd4 Nh6 12. Bxh6 Bxh6 13. Re1 Rb8 14. Qd3 Re8 15. h4 a6 16. Bf3 Bg7 17. h5 Qa5 18.
Nd5 Qd8 19. hxg6 hxg6 20. Kg2 Bf5 21. Be4 Bxe4+ 22. Rxe4 e6 23. Nf4 d5 24. cxd5 exd5 25. Rxe8+ Qxe8 26. Nxd5 Rd8 27. Qf3 Qd7 28. Nf4 Qxd4 29.
Re1 b5 30. Re7 Qf6 31. Ra7 Rd2 32.
Qa8+ Kh7 33. Rxa6 Qd4 34. Nh3 Bh6 35. Qf3 Kg7 36. Rc6 Rxa2 37. Rc7 Qf6 38. Qxf6+ Kxf6 39.
Rb7 Ra5 40. f4 Bf8 41. Ng5 Be7 42. Ne4+ Ke6 43. Nc3 b4 44. Na4 Rd5 45. Rb6+ Kf5 46. Rb7 Kf6 47. Nb6 Rd3 48. Nd7+ Ke6 49. Ne5 Rxb3 50.
Rb6+ Kf5 51. Nxf7 Rb2+ 52. Kf3 Rb3+ 53. Kg2 Rb2+ 54. Kh3 Rb1 55. Rb5+ Kf6 56. Ng5 b3 57. Rb6+ Kf5 58. Rb5+ Kf6 59. Kg4 b2 60. Rb6+ Kg7 61. Rb7 Kf8 62. Rb8+ Kg7 63. Rb7 Kf8 64. Rb8+ Kg7 65.
Rb7 Kf8 66. Ne6+ Ke8 67. Nd4 Rd1 68. Rb8+ Kf7 69. Rxb2 Rxd4 70. Rb6 Rd3 71. Rb7 Kf6 72. Rb6+ Bd6 73. Ra6 Ke6 74. Ra7 Kf6 75. Ra6 Kg7 76.
Kg5 Rd5+ 77. Kg4 Rd3 78. Rb6 Kh6 79. Ra6 Bc5 80. f5 Bd6 81. fxg6 Kxg6 82. Kh4 Kf5 83. g4+ Ke6 84. g5 Kf5 85. Ra5+ Be5 86. Rb5 Rd2 87.
Rb3 Rh2+ 88. Rh3 Rg2 89. Rf3+ Bf4 90. g6 Rxg6 91. Kh3 Rh6+ 92. Kg2 Rh2+ 93. Kf1 Ke4 94. Rf2 Rh1+ 95. Kg2 Ra1 96. Rb2 Be3 97. Rb4+ Bd4 98. Rb8 Rg1+ 99. Kh2 Rg6 100. Rf8 Be3 101. Rf7 Bf4+ 102. Kh3 Kf3 103. Rh7 Rg1 0-1

[Event "*** Titled Tuesday 3|2 Blitz"]
[Site "Chess.com"]
[Date "2016.08.02"]
[Round "2"]
[White "Quiet_Desperation"]
[Black "ZEN-22"]
[Result "1-0"]
[WhiteElo "2143"]
[BlackElo "2300"]
[TimeControl "180+2"]
[EndTime "11:18:27 PDT"]
[Termination "Quiet_Desperation won by checkmate"]

1. e4 d5 2. exd5 c6 3. d4 cxd5 4. Nf3 Nf6 5. h3 a6 6. Bd3 Nc6 7. c3 g6 8. O-O Bg7 9. Re1 O-O 10. Na3 b5 11. Nc2 Rb8 12. Bf4 Rb7 13. Qd2 Re8 14.
Re2 Bf5 15. Rae1 Bxd3 16. Qxd3 e6 17. Bg5 Qc8 18. Ne3 Ne4 19. Bf4 Na5 20. Be5 Bf8 21.
Ng4 f5 22. Rxe4 dxe4 23. Nf6+ Kf7 24. Ng5+ Ke7 25. Qg3 h6 26. Ngxe4 fxe4 27. Qxg6 Kd8 28.
Qxe8# 1-0

[Event "*** Titled Tuesday 3|2 Blitz"]
[Site "Chess.com"]
[Date "2016.08.02"]
[Round "2"]
[White "Evgeny_Levin"]
[Black "diokletian"]
[Result "1/2-1/2"]
[WhiteElo "2652"]
[BlackElo "2452"]
[TimeControl "180+2"]
[EndTime "11:18:50 PDT"]
[Termination "Game drawn by repetition"]

1. d4 Nf6 2. Nf3 d5 3. Bg5 Ne4 4. Bf4 Bf5 5. Nbd2 e6 6. e3 Bd6 7. Bg3 Nxg3 8. hxg3 h6 9. Bd3 Bxd3 10. cxd3 Nd7 11.
O-O O-O 12. a3 c6 13. Qb3 Qb6 14. Rac1 Qxb3 15. Nxb3 Rfc8 16. Rc2 Rc7 17. Rfc1 Rac8 18. Kf1 Kf8 19. Ke2 Ke7 20. Rc3 b6 21. e4 Ke8 22.
Nbd2 Kd8 23. Nf1 Be7 24. Ne3 Bf6 25. Ng4 Ke8 26. Nxf6+ Nxf6 27. Ke3 Ng4+ 28. Ke2 Nf6 29. Ke3 Ng4+ 30. Ke2 Nf6 31. Ke3 Ng4+ 32. Ke2 1/2-1/2

[Event "*** Titled Tuesday 3|2 Blitz"]
[Site "Chess.com"]
[Date "2016.08.02"]
[Round "2"]
[White "Makalexa"]
[Black "StellarChessPro"]
[Result "0-1"]
[WhiteElo "2138"]
[BlackElo "2353"]
[TimeControl "180+2"]
[EndTime "11:18:51 PDT"]
[Termination "StellarChessPro won by resignation"]

1. e4 e5 2. Nf3 Nc6 3. Bb5 a6 4. Ba4 Nf6 5. O-O Be7 6. Re1 b5 7. Bb3 d6 8. a4 Rb8 9. axb5 axb5 10. d4 exd4 11. Nxd4 Nxd4 12. Qxd4 c5 13. Qd1 c4 14. Ba2 O-O 15. e5 dxe5 16. Bg5 Qxd1 17. Rxd1 Bf5 18. c3 Rfd8 19. Nd2 h6 20. Be3 Ng4 21.
Nf3 Nxe3 22. fxe3 Bc5 23. Nxe5 Bxe3+ 24. Kf1 Re8 25. Nf3 Bd3+ 26. Ke1 Bg1+ 27. Kd2 Re2+ 28.
Kc1 Be3+ 29. Nd2 Rd8 0-1

[Event "*** Titled Tuesday 3|2 Blitz"]
[Site "Chess.com"]
[Date "2016.08.02"]
[Round "2"]
[White "Gabrielian_Artur"]
[Black "DanielRensch"]
[Result "1-0"]
[WhiteElo "2551"]
[BlackElo "2506"]
[TimeControl "180+2"]
[EndTime "11:19:38 PDT"]
[Termination "Gabrielian_Artur won by resignation"]

1. e4 c5 2. Nf3 d6 3. d4 cxd4 4. Nxd4 Nf6 5. Nc3 a6 6. Bg5 e6 7. f4 Nc6 8. Nxc6 bxc6 9. e5 h6 10. Bh4 g5 11. fxg5 Nd5 12. Ne4 hxg5 13. Bxg5 Qb6 14. c4 Qxb2 15. cxd5 Qxe5 16. Bd3 cxd5 17. Bf6 Rxh2 18. Bxe5 Rxh1+ 19. Bf1 dxe5 20. Qa4+ Bd7 21.
Nf6+ Ke7 22. Nxd7 Rc8 23. Nxf8 Kxf8 24. Qa3+ Kg7 25. Rc1 Rch8 26. Rc7 1-0

[Event "*** Titled Tuesday 3|2 Blitz"]
[Site "Chess.com"]
[Date "2016.08.02"]
[Round "2"]
[White "Spas_Kozhuharov"]
[Black "jup1978"]
[Result "1-0"]
[WhiteElo "2459"]
[BlackElo "2157"]
[TimeControl "180+2"]
[EndTime "11:19:38 PDT"]
[Termination "Spas_Kozhuharov won by resignation"]

1. d4 d5 2. c4 c6 3. Nf3 Nf6 4. Nc3 a6 5. a4 e6 6. e3 a5 7.
Bd3 Be7 8. Ne5 Na6 9. f4 Nb4 10.
Bb1 c5 11. O-O cxd4 12. Qxd4 O-O 13. e4 dxe4 14. Qxd8 Rxd8 15. Nxe4 Bd7 16. Be3 Bc6 17. Ng5 Be8 18. b3 h6 19. Ne4 Nd7 20. Nd3 Nxd3 21. Bxd3 Nc5 22. Bxc5 Bxc5+ 23. Nxc5 b6 24. Be4 Rab8 25.
Na6 1-0

[Event "*** Titled Tuesday 3|2 Blitz"]
[Site "Chess.com"]
[Date "2016.08.02"]
[Round "2"]
[White "macko06"]
[Black "VennyIce"]
[Result "0-1"]
[WhiteElo "2094"]
[BlackElo "1866"]
[TimeControl "180+2"]
[EndTime "11:19:44 PDT"]
[Termination "VennyIce won by checkmate"]

1. e4 c6 2. d4 d5 3. Nc3 dxe4 4. Nxe4 Nf6 5. Ng3 Bg4 6. Nf3 e6 7. c3 Nbd7 8. h3 Bxf3 9. Qxf3 Bd6 10. Bd3 Qc7 11.
O-O O-O-O 12. a4 Rdg8 13. Ne4 Nxe4 14. Bxe4 Nf6 15. Bd3 h5 16. b4 Nd5 17. Bd2 g5 18.
g4 hxg4 19. hxg4 Bf4 20. Be1 Bh2+ 21. Kg2 Nf4+ 22. Kh1 Rh3 23. Qe4 Nxd3 24. Bd2 Bg1+ 25. Kxg1 Qh2# 0-1

[Event "*** Titled Tuesday 3|2 Blitz"]
[Site "Chess.com"]
[Date "2016.08.02"]
[Round "2"]
[White "Schemato"]
[Black "joppie2"]
[Result "0-1"]
[WhiteElo "2217"]
[BlackElo "2490"]
[TimeControl "180+2"]
[EndTime "11:20:04 PDT"]
[Termination "joppie2 won by resignation"]

1. c4 e5 2. g3 Nf6 3. Bg2 d5 4. cxd5 Nxd5 5. Nf3 Nc6 6. O-O Nde7 7. Nc3 g6 8. b4 a6 9. a4 Bg7 10. Rb1 O-O 11. b5 axb5 12. axb5 Nd4 13. Bb2 Be6 14. Nxd4 exd4 15. Ne4 Bd5 16. Qc2 b6 17. Rfc1 Ra7 18.
Ra1 Rxa1 19. Bxa1 h6 20. Qxc7 f5 21. Nd6 Bxg2 22. Kxg2 Nd5 23. Qxd8 Rxd8 24. Rc8 Rxc8 25. Nxc8 d3 26. e4 fxe4 27. Bxg7 Kxg7 28. f3 e3 0-1

[Event "*** Titled Tuesday 3|2 Blitz"]
[Site "Chess.com"]
[Date "2016.08.02"]
[Round "2"]
[White "IamSchrodingersCat"]
[Black "chito89"]
[Result "0-1"]
[WhiteElo "2215"]
[BlackElo "2515"]
[TimeControl "180+2"]
[EndTime "11:20:15 PDT"]
[Termination "chito89 won by resignation"]

1. e4 c5 2. Nf3 e6 3. d4 cxd4 4. Nxd4 a6 5. c4 b6 6. Nc3 Bb7 7. a3 d6 8. Bd3 Nf6 9. O-O Nbd7 10. f4 Qc7 11. b4 Rc8 12. Be3 g6 13. f5 gxf5 14.
exf5 e5 15. Nb3 Rg8 16. g3 Qc6 17. Kf2 Ng4+ 18. Ke2 Qg2+ 19. Rf2 0-1

[Event "*** Titled Tuesday 3|2 Blitz"]
[Site "Chess.com"]
[Date "2016.08.02"]
[Round "2"]
[White "Tesla37"]
[Black "Cryptochess"]
[Result "1-0"]
[WhiteElo "2699"]
[BlackElo "2459"]
[TimeControl "180+2"]
[EndTime "11:20:24 PDT"]
[Termination "Tesla37 won by resignation"]

1. e4 d6 2. d4 Nf6 3. Nc3 g6 4. Be3 c6 5. Qd2 b5 6. a3 Nbd7 7. h3 e5 8. f4 Bg7 9. Nf3 Qe7 10.
fxe5 dxe5 11. d5 cxd5 12. Nxd5 Nxd5 13. Qxd5 Rb8 14. Bxa7 Bb7 15. Qxb5 O-O 16. Bxb8 Rxb8 17. Qb4 Qe6 18. Bc4 Qf6 19. O-O Bxe4 20. Bxf7+ Qxf7 21. Qxe4 Nc5 22. Qe3 Qc4 23. b3 Qxc2 24. Rac1 Rxb3 25.
Rxc2 Rxe3 26. Rxc5 e4 27. Rc8+ Kf7 28. Ng5+ 1-0

[Event "*** Titled Tuesday 3|2 Blitz"]
[Site "Chess.com"]
[Date "2016.08.02"]
[Round "2"]
[White "Andrejkin"]
[Black "simonachess"]
[Result "1-0"]
[WhiteElo "2217"]
[BlackElo "2105"]
[TimeControl "180+2"]
[EndTime "11:21:06 PDT"]
[Termination "Andrejkin won on time"]

1. e4 c5 2. Nf3 Nc6 3. d4 cxd4 4. Nxd4 e5 5. Nb5 a6 6. Nd6+ Bxd6 7. Qxd6 Qe7 8. Qd1 Nf6 9. Nc3 d6 10. Bc4 Be6 11. Bxe6 Qxe6 12. O-O h6 13. f4 O-O 14. Nd5 Rad8 15. f5 Qc8 16. Nxf6+ Kh8 17. Qh5 Rg8 18. Bxh6 g6 19. fxg6 Rxg6 20. Bf8+ 1-0

[Event "*** Titled Tuesday 3|2 Blitz"]
[Site "Chess.com"]
[Date "2016.08.02"]
[Round "2"]
[White "Chesstrainer1"]
[Black "Imre91"]
[Result "1-0"]
[WhiteElo "2431"]
[BlackElo "2529"]
[TimeControl "180+2"]
[EndTime "11:21:24 PDT"]
[Termination "Chesstrainer1 won by resignation"]

1. Nf3 d5 2. g3 c6 3. Bg2 Nf6 4. O-O g6 5. c4 Bg7 6. d4 O-O 7. Qb3 Qb6 8. Nc3 Rd8 9. Rd1 Qxb3 10. axb3 Bf5 11. Ne1 Na6 12. f3 Be6 13. c5 Nc7 14. h3 h5 15. b4 a6 16. e4 dxe4 17. fxe4 Nb5 18. Be3 Bb3 19. Rd2 Ne8 20. Nf3 Nec7 21. Rc1 a5 22. Nxb5 Nxb5 23. bxa5 Rxa5 24. d5 Ra2 25.
dxc6 Rxd2 26. Nxd2 bxc6 27. Nxb3 Rxb2 28. Na5 Nc3 29. Bf3 Na4 30. Nxc6 Rb3 31. Nxe7+ Kf8 32. Nd5 Be5 33. c6 Bxg3 34. c7 Bxc7 35. Rxc7 1-0

[Event "*** Titled Tuesday 3|2 Blitz"]
[Site "Chess.com"]
[Date "2016.08.02"]
[Round "2"]
[White "Wolverine_master"]
[Black "Fawolizzo"]
[Result "1-0"]
[WhiteElo "2021"]
[BlackElo "2028"]
[TimeControl "180+2"]
[EndTime "11:21:27 PDT"]
[Termination "Wolverine_master won by resignation"]

1. e4 c5 2. Nf3 d6 3. d4 cxd4 4. Nxd4 Nf6 5. Nc3 a6 6. Bg5 Nbd7 7. f4 e6 8. Qf3 Qc7 9. O-O-O b5 10. g4 b4 11.
Nce2 Bb7 12. Ng3 d5 13. e5 Ne4 14. Bh4 Ndc5 15. Kb1 Be7 16. Bxe7 Qxe7 17. Bd3 Rc8 18. Rhe1 O-O 19. f5 Qg5 20. Bxe4 dxe4 21. Qf2 Bd5 22.
f6 Qxg4 23. Rg1 Qh4 24. Ngf5 Qxf2 25. Ne7+ 1-0

[Event "*** Titled Tuesday 3|2 Blitz"]
[Site "Chess.com"]
[Date "2016.08.02"]
[Round "2"]
[White "Hieronymus00"]
[Black "cabalista"]
[Result "0-1"]
[WhiteElo "2132"]
[BlackElo "2330"]
[TimeControl "180+2"]
[EndTime "11:21:36 PDT"]
[Termination "cabalista won by resignation"]

1. e4 e5 2. Nf3 Nc6 3. Bb5 a6 4. Ba4 d6 5. c3 Bd7 6. O-O Nge7 7. d4 Ng6 8. Re1 Be7 9. Nbd2 O-O 10. Nf1 Bg4 11. d5 Nh4 12. dxc6 Bxf3 13. gxf3 b5 14. Bb3 Qc8 15. Kh1 Qh3 16. Ne3 Nxf3 17. Qxf3 Qxf3+ 18. Kg1 Bh4 19. Rf1 g6 20. Bd5 Kh8 21. Ng2 Be7 22. Bh6 f5 23. Bxf8 Rxf8 24. Rae1 f4 25.
Rd1 g5 26. c4 g4 27. cxb5 axb5 28. Rc1 Qh3 29. Rc3 f3 30. Ne1 Bg5 0-1

[Event "*** Titled Tuesday 3|2 Blitz"]
[Site "Chess.com"]
[Date "2016.08.02"]
[Round "2"]
[White "dretch"]
[Black "Semetey"]
[Result "1-0"]
[WhiteElo "2617"]
[BlackElo "2425"]
[TimeControl "180+2"]
[EndTime "11:21:37 PDT"]
[Termination "dretch won by resignation"]

1. d4 Nf6 2. c4 e6 3. Nc3 Bb4 4.
Qc2 O-O 5. e4 d5 6. e5 Ne4 7. Bd3 c5 8. Nf3 Nc6 9. O-O Nxd4 10.
Nxd4 cxd4 11. Nxe4 dxe4 12. Bxe4 h6 13. a3 Be7 14. Rd1 Qc7 15. Bf4 Rd8 16. Rd3 Rb8 17.
Rad1 b5 18. Rg3 Kh8 19. Qd2 Bf8 20. Bg5 Rd7 21. Qf4 f5 22. exf6 Qxf4 23. Bxf4 Rb6 24.
c5 g5 25. cxb6 gxf4 26. bxa7 Rxa7 27. Rb3 e5 28. Rxb5 Bd6 29. Rc1 Bd7 30. Rb6 Bf8 31.
Rb8 Kg8 32. Bd5+ 1-0

[Event "*** Titled Tuesday 3|2 Blitz"]
[Site "Chess.com"]
[Date "2016.08.02"]
[Round "2"]
[White "elefante33"]
[Black "Alexander_Moskalenko"]
[Result "0-1"]
[WhiteElo "2441"]
[BlackElo "2631"]
[TimeControl "180+2"]
[EndTime "11:21:47 PDT"]
[Termination "Alexander_Moskalenko won by resignation"]

1. e4 c5 2. Nf3 d6 3. Bb5+ Nd7 4. d4 Nf6 5. Nc3 cxd4 6. Qxd4 e5 7. Qd3 h6 8. O-O a6 9. Bc4 b5 10. Bd5 Nxd5 11. Nxd5 Bb7 12. Be3 Be7 13. a4 bxa4 14.
Rxa4 O-O 15. Nd2 Nf6 16. c4 Bc6 17. Ra3 Nxd5 18. exd5 Bd7 19. Rfa1 Rb8 20. b3 Bc8 21. f4 Bf6 22. fxe5 Bxe5 23. Bd4 Bxd4+ 24. Qxd4 Re8 25. Ne4 Qh4 26. Qa7 Rb7 27. Qxa6 Qxe4 28. Qxd6 Rxb3 29.
Rxb3 Qd4+ 0-1

[Event "*** Titled Tuesday 3|2 Blitz"]
[Site "Chess.com"]
[Date "2016.08.02"]
[Round "2"]
[White "awb2001"]
[Black "MMSANCHEZ"]
[Result "0-1"]
[WhiteElo "2320"]
[BlackElo "2286"]
[TimeControl "180+2"]
[EndTime "11:21:57 PDT"]
[Termination "MMSANCHEZ won by resignation"]

1. e4 e6 2. d4 d5 3. Nc3 Nc6 4. e5 f6 5. f4 fxe5 6. dxe5 Bc5 7. Nf3 Nh6 8. Bd3 O-O 9. Na4 Be7 10. Bd2 Bd7 11.
Nc3 Nb4 12. Be2 c5 13. O-O a6 14. Qe1 Nxc2 15. Qg3 Nxa1 16. Rxa1 Bc6 17. Nd1 d4 18. Bd3 b5 19. b3 Qd5 20. Nf2 Nf5 21. Qh3 c4 22.
Be4 Qd7 23. g4 Bxe4 24. Nxe4 Ne3 25. g5 Rxf4 26. g6 Rg4+ 27. Kh1 Rxg6 28. Rg1 Rxg1+ 29. Kxg1 Rf8 30. Kf2 Qd5 31. Ke1 Qxe4 0-1

[Event "*** Titled Tuesday 3|2 Blitz"]
[Site "Chess.com"]
[Date "2016.08.02"]
[Round "2"]
[White "MattyDPerrine"]
[Black "ChessWarrior7197"]
[Result "0-1"]
[WhiteElo "2214"]
[BlackElo "2483"]
[TimeControl "180+2"]
[EndTime "11:22:02 PDT"]
[Termination "ChessWarrior7197 won on time"]

1. d4 Nf6 2. Nf3 e6 3. c4 d5 4. Nc3 Be7 5. cxd5 exd5 6. Bg5 O-O 7. e3 c6 8. Qc2 Nbd7 9. Bd3 Re8 10. O-O h6 11.
Bh4 Ne4 12. Bxe7 Qxe7 13. Bxe4 dxe4 14. Nd2 Nf6 15. Nc4 Bf5 16. Rab1 Nd5 17. Qb3 Rad8 18.
Na5 Nb6 19. Qc2 Nd5 20. Qb3 Bc8 21. Na4 Rd6 22. Qa3 Qc7 23. b4 Rg6 24. Kh1 b6 25.
Nb3 Qd7 26. Rg1 Qf5 27. Rbf1 Rg5 28. Nb2 Nf6 29. f3 exf3 30. Rxf3 Qd5 31. Nd2 Ng4 32. h3 Rh5 33. Qd3 Nf2+ 0-1

[Event "*** Titled Tuesday 3|2 Blitz"]
[Site "Chess.com"]
[Date "2016.08.02"]
[Round "2"]
[White "Pudor"]
[Black "Proteuo"]
[Result "1-0"]
[WhiteElo "2282"]
[BlackElo "2312"]
[TimeControl "180+2"]
[EndTime "11:22:15 PDT"]
[Termination "Pudor won by resignation"]

1. d4 Nf6 2. c4 e6 3. Nc3 Bb4 4. Qc2 O-O 5. a3 Bxc3+ 6. Qxc3 d5 7. Nf3 Re8 8. Bg5 Nbd7 9. e3 h6 10. Bh4 a6 11. Be2 dxc4 12. Bxc4 b5 13. Bd3 Bb7 14. Rc1 Rc8 15. b4 Nb6 16. O-O Nbd5 17. Qb3 Qe7 18. Ne5 g5 19. Bg3 c6 20. Bb1 Nd7 21. Qd3 f5 22.
Nxd7 Qxd7 23. Be5 Nb6 24. Ba2 Nd5 25. e4 fxe4 26. Qxe4 Qh7 27. Qg4 Qf7 28. Bb1 Nf4 29. g3 Ng6 30. f4 Nxe5 31. fxe5 Qd7 32. Rf6 Re7 33. Rxh6 Rg7 34. Ba2 Re8 35. Rxe6 Kh8 36. Qh5+ 1-0

[Event "*** Titled Tuesday 3|2 Blitz"]
[Site "Chess.com"]
[Date "2016.08.02"]
[Round "2"]
[White "jcibarra"]
[Black "Journey_to_GrandMaster_YT"]
[Result "1-0"]
[WhiteElo "2668"]
[BlackElo "2450"]
[TimeControl "180+2"]
[EndTime "11:22:26 PDT"]
[Termination "jcibarra won by resignation"]

1. e4 d6 2. d4 Nf6 3. Nc3 e5 4. Nf3 Nbd7 5. Bc4 Be7 6. a4 O-O 7. O-O c6 8. Re1 a5 9. h3 Nb6 10. Bb3 Nfd7 11. Be3 exd4 12. Bxd4 Nc5 13. Bxc5 dxc5 14.
Qe2 Qd6 15. Qe3 Qg6 16. Ne2 Bd7 17. Ne5 Qf6 18. Nxd7 Nxd7 19. Rad1 Rad8 20. c3 Qg6 21. e5 Kh8 22. e6 fxe6 23. Nf4 Qf6 24. Nxe6 Nb6 25. Nxf8 Rxd1 26. Rxd1 Qxf8 27. Re1 Bd6 28. Qe8 g6 29. Qxf8+ Bxf8 30. Re8 Kg7 31. Rb8 Kh6 32. Rxf8 1-0

[Event "*** Titled Tuesday 3|2 Blitz"]
[Site "Chess.com"]
[Date "2016.08.02"]
[Round "2"]
[White "micfel"]
[Black "Kawhi_Leonard2"]
[Result "1/2-1/2"]
[WhiteElo "2095"]
[BlackElo "2083"]
[TimeControl "180+2"]
[EndTime "11:22:33 PDT"]
[Termination "Game drawn by repetition"]

1. e4 c5 2. Nf3 d6 3. d4 cxd4 4. Nxd4 Nf6 5. Nc3 g6 6. Be2 Bg7 7. Be3 O-O 8. g4 Nc6 9. g5 Nd7 10. h4 Nc5 11. h5 Qa5 12. f3 Nxd4 13. Bxd4 Bxd4 14. Qxd4 Ne6 15. Qd5 Qxd5 16. Nxd5 Nxg5 17. Nxe7+ Kg7 18. h6+ Kh8 19. O-O-O Be6 20. Rxd6 Rfe8 21.
Nd5 Red8 22. Rxd8+ Rxd8 23. c4 b5 24. b3 bxc4 25. bxc4 f5 26. exf5 gxf5 27. Nf4 Bxc4 28. Bxc4 Rd4 29. Re1 Rxc4+ 30. Kb2 Kg8 31. Nd5 Nxf3 32.
Re7 Rh4 33. Nf6+ Kf8 34. Rxh7 Ng5 35. Nd7+ Ke8 36. Nf6+ Kf8 37. Nd7+ Ke8 38. Nf6+ Kf8 1/2-1/2

[Event "*** Titled Tuesday 3|2 Blitz"]
[Site "Chess.com"]
[Date "2016.08.02"]
[Round "2"]
[White "lukas_111111"]
[Black "Ginger_GM"]
[Result "0-1"]
[WhiteElo "2261"]
[BlackElo "2394"]
[TimeControl "180+2"]
[EndTime "11:22:35 PDT"]
[Termination "Ginger_GM won by resignation"]

1. d4 e6 2. c4 f5 3. g3 Nf6 4.
Bg2 Be7 5. Nh3 O-O 6. O-O d6 7. b3 e5 8. dxe5 dxe5 9. Bb2 Ng4 10. Nc3 c6 11. e4 f4 12. gxf4 exf4 13. Qxd8 Bxd8 14. f3 Ne3 15. Rf2 Na6 16. Rd2 Bb6 17. Nf2 Be6 18. Na4 Ba5 19. Bc3 Bc7 20. Nd3 b6 21. Be5 Rad8 22. Bxc7 Nxc7 23. Kf2 Rd4 24. Ke2 Nxg2 0-1

[Event "*** Titled Tuesday 3|2 Blitz"]
[Site "Chess.com"]
[Date "2016.08.02"]
[Round "2"]
[White "Nadtkins"]
[Black "Genghis_K"]
[Result "0-1"]
[WhiteElo "2454"]
[BlackElo "2701"]
[TimeControl "180+2"]
[EndTime "11:22:41 PDT"]
[Termination "Genghis_K won by resignation"]

1. Nf3 Nf6 2. g3 g6 3. b3 Bg7 4. Bb2 O-O 5. Bg2 d6 6. d4 c5 7.
c4 Nc6 8. d5 Na5 9. O-O a6 10.
Nbd2 b5 11. Qc2 Rb8 12. Rab1 e5 13. e4 Nh5 14. Nh4 Nf4 15. gxf4 Qxh4 16. fxe5 dxe5 17.
f4 bxc4 18. Bxe5 cxb3 19. axb3 Rb5 20. Nf3 Qd8 21. Bxg7 Kxg7 22. Rfd1 Qb6 23. Kh1 Bg4 24.
d6 Nxb3 25. Qc3+ Kg8 26. Ne5 Bxd1 27. Rxd1 Nd4 28. Nd7 Qxd6 0-1

[Event "*** Titled Tuesday 3|2 Blitz"]
[Site "Chess.com"]
[Date "2016.08.02"]
[Round "2"]
[White "stepanosinovsky"]
[Black "ruifeng"]
[Result "0-1"]
[WhiteElo "2248"]
[BlackElo "2329"]
[TimeControl "180+2"]
[EndTime "11:22:52 PDT"]
[Termination "ruifeng won by checkmate"]

1. e4 e6 2. d4 d5 3. Nc3 Bb4 4.
e5 c5 5. a3 Bxc3+ 6. bxc3 Ne7 7.
Qg4 Qc7 8. Qxg7 Rg8 9. Qxh7 cxd4 10. Ne2 dxc3 11. f4 Nbc6 12. Qd3 Nf5 13. Qxc3 Bd7 14.
Rb1 Rc8 15. g4 d4 16. Qf3 Nh4 17. Qg3 Qa5+ 18. Bd2 Qd5 19. Qxh4 Qxh1 20. Rxb7 Nxe5 21. fxe5 Qxb7 22. Bb4 Bb5 23. Nf4 Bxf1 24. Nh5 Rg6 25. Kxf1 Qh1+ 26. Ke2 Rxc2+ 27. Kd3 Qd1+ 28. Ke4 Re2+ 29. Kf4 Qf1+ 30. Kg3 Re3# 0-1

[Event "*** Titled Tuesday 3|2 Blitz"]
[Site "Chess.com"]
[Date "2016.08.02"]
[Round "2"]
[White "Alexander_Donchenko"]
[Black "GrigorGrigorov"]
[Result "1-0"]
[WhiteElo "2531"]
[BlackElo "2506"]
[TimeControl "180+2"]
[EndTime "11:22:53 PDT"]
[Termination "Alexander_Donchenko won by resignation"]

1. d4 Nf6 2. c4 e6 3. g3 c5 4. d5 exd5 5. cxd5 d6 6. Nc3 g6 7. Bg2 Bg7 8. Nf3 O-O 9. O-O a6 10. a4 Nbd7 11. Bf4 Qe7 12. Re1 Ng4 13. Bg5 f6 14. Bc1 Nge5 15. Nd2 f5 16. f4 Ng4 17.
Nc4 Rb8 18. h3 Bxc3 19. bxc3 Ngf6 20. Nd2 Qe3+ 21. Kh2 Nh5 22. Ne4 Qxe4 23. Bxe4 fxe4 24. c4 Ndf6 25. e3 Ng7 26. g4 h5 27. Rg1 hxg4 28. hxg4 Kf7 29. Rg3 Rh8+ 30. Kg1 Rh4 31. g5 Bg4 32. Qb3 Nf5 33. Rg2 Nd7 34. Bb2 b5 35.
axb5 Ne5 36. fxe5 1-0

[Event "*** Titled Tuesday 3|2 Blitz"]
[Site "Chess.com"]
[Date "2016.08.02"]
[Round "2"]
[White "Colombiano07"]
[Black "Superfelix"]
[Result "0-1"]
[WhiteElo "2224"]
[BlackElo "2369"]
[TimeControl "180+2"]
[EndTime "11:22:54 PDT"]
[Termination "Superfelix won by resignation"]

1. e4 c5 2. Nf3 d6 3. d4 Nf6 4. Nc3 cxd4 5. Nxd4 a6 6. h3 e6 7. g4 Be7 8. Bg2 Nfd7 9. O-O O-O 10. a4 Qc7 11. a5 b5 12. axb6 Nxb6 13. Nb3 Nc6 14.
Re1 Bb7 15. Na5 Nxa5 16. Rxa5 Rfd8 17. Rh5 Bf6 18. g5 Be5 19. Rh4 g6 20. f4 Bg7 21.
Ne2 d5 22. e5 d4 23. Nxd4 Bxg2 24. Kxg2 Rac8 25. c3 Nd5 26. Qf3 Ne7 27. Rg4 Bf8 28. Be3 Nf5 29. Nxf5 exf5 30. Rg3 Rd3 31. Rd1 Qd7 32.
Bd4 Rxf3 33. Rxf3 Bc5 34. Rfd3 Qb7+ 35. Kg3 Bxd4 36. cxd4 Qd5 37. R1d2 Rc1 0-1